Map: Dusk Towers

Players

MCanning - Winner!

  • Race: Protoss Protoss
  • League: Master

FireZerg

  • Race: Zerg Zerg
  • League: Master

VOD

Have the link to the VOD?

Description

Time

  • Played on: Feb. 5, 2016, 2:56 a.m.
  • Length: 10:52
Show
View Real Time Build Order
Export as new Build Order

MCanning Protoss - Winner!

Build Orders: Nexus First, Zealot Archon 

Get SALT Encoding   

  12  0:01  Probe (Chrono Boost)  
  13  0:12  Probe (Chrono Boost)  
  14  0:21  Pylon  
  14  0:22  Probe (Chrono Boost)  
  15  0:39  Probe (Chrono Boost)  
  17  0:50  Probe (Chrono Boost)  
  17  0:58  Nexus  
  17  1:07  Gateway  
  17  1:11  Probe (Chrono Boost)  
  18  1:21  Probe (Chrono Boost)  
  18  1:22  Assimilator  
  19  1:26  Assimilator  
  19  1:32  Probe (Chrono Boost)  
  20  1:42  Probe (Chrono Boost)  
  21  1:53  Probe (Chrono Boost)  
  22  1:57  Cybernetics Core  
  22  2:04  Probe (Chrono Boost)  
  23  2:10  Zealot  
  23  2:12  Pylon  
  23  2:14  Probe (Chrono Boost)  
  26  2:18  Probe (Chrono Boost)  
  27  2:25  Probe (Chrono Boost)  
  27  2:29  Probe (Chrono Boost)  
  29  2:35  Warp Gate  
  29  2:36  Mothership Core (Chrono Boost)  
  31  2:39  Stalker, Probe (Chrono Boost)  
  34  2:50  Probe (Chrono Boost)  
  35  2:54  Probe (Chrono Boost)  
  36  2:59  Pylon  
  36  3:00  Probe (Chrono Boost)  
  36  3:04  Probe (Chrono Boost)  
  38  3:09  Sentry  
  38  3:11  Probe (Chrono Boost)  
  41  3:15  Probe (Chrono Boost)  
  42  3:21  Probe (Chrono Boost)  
  42  3:23  Gateway  
  42  3:25  Gateway, Probe (Chrono Boost)  
  44  3:32  Probe (Chrono Boost)  
  45  3:36  Probe (Chrono Boost)  
  45  3:44  Nexus  
  45  3:46  Pylon  
  45  3:50  Pylon  
  45  3:52  Probe (Chrono Boost)  
  45  3:53  Probe (Chrono Boost)  
  47  4:02  Probe (Chrono Boost)  
  48  4:03  Probe (Chrono Boost)  
  48  4:13  Probe (Chrono Boost)  
  48  4:14  Probe (Chrono Boost), Robotics Facility  
  48  4:15  Assimilator  
  50  4:18  Assimilator  
  50  4:21  Pylon  
  50  4:23  Probe (Chrono Boost)  
  51  4:25  Probe (Chrono Boost)  
  51  4:26  Forge  
  52  4:34  Probe (Chrono Boost)  
  52  4:36  Probe (Chrono Boost)  
  54  4:43  Sentry  
  54  4:44  Probe (Chrono Boost)  
  57  4:47  Probe (Chrono Boost)  
  57  4:49  Twilight Council  
  57  4:51  Stalker x2  
  62  4:55  Probe (Chrono Boost)  
  62  4:57  Probe (Chrono Boost)  
  62  4:58  Probe (Chrono Boost)  
  65  5:02  Observer  
  65  5:04  Protoss Ground Weapons Level 1 (Chrono Boost)  
  65  5:05  Probe (Chrono Boost)  
  65  5:06  Probe (Chrono Boost)  
  67  5:08  Probe  
  67  5:12  Pylon  
  69  5:17  Probe x2  
  69  5:20  Gateway, Observer  
  71  5:21  Gateway  
  71  5:22  Probe  
  71  5:27  Charge (Chrono Boost)  
  73  5:29  Probe  
  73  5:32  Probe  
  75  5:36  Immortal  
  75  5:40  Gateway  
  79  5:45  Gateway  
  79  5:47  Gateway  
  79  5:49  Probe x2  
  80  5:52  Probe  
  80  5:54  Pylon  
  82  5:57  Sentry, Robotics Facility  
  82  6:00  Probe  
  82  6:01  Probe  
  82  6:03  Zealot, Pylon  
  88  6:11  Probe  
  89  6:18  Probe  
  89  6:20  Probe  
  89  6:23  Immortal (Chrono Boost), Probe  
  89  6:25  Assimilator  
  91  6:30  Robotics Facility, Probe x2, Assimilator  
  97  6:33  Templar Archives  
  97  6:35  Probe  
  97  6:36  Pylon  
  98  6:41  Probe  
  98  6:42  Probe  
  98  6:45  Warp Prism (Chrono Boost)  
  102  6:48  Gateway  
  102  6:51  Zealot  
  102  6:52  Zealot x3  
  110  7:02  Pylon  
  110  7:03  Pylon  
  108  7:10  Zealot x4  
  108  7:13  Colossus (Chrono Boost)  
  116  7:19  Stargate  
  116  7:20  Stargate, Pylon  
  114  7:23  Zealot x4  
  114  7:27  Photon Cannon  
  114  7:29  Photon Cannon  
  122  7:30  Photon Cannon  
  122  7:43  High Templar x4  
  130  7:44  High Templar x3  
  130  7:50  Archon  
  130  7:51  Archon x2  
  136  7:53  High Templar  
  136  7:57  Nexus, Archon  
  138  7:59  Pylon  
  138  8:00  Pylon  
  138  8:05  Probe  
  139  8:11  Stargate  
  129  8:21  Phoenix x2 (Chrono Boost)  
  129  8:28  Zealot x4  
  129  8:29  Zealot x4  
  133  8:36  Fleet Beacon  
  133  8:39  Photon Cannon  
  133  8:43  Photon Cannon  
  133  8:46  Photon Cannon  
  131  8:50  Phoenix x2 (Chrono Boost)  
  119  8:57  Photon Cannon  
  119  8:58  Phoenix (Chrono Boost)  
  119  9:00  Photon Cannon  
  121  9:06  Stalker x2  
  125  9:12  Phoenix (Chrono Boost)  
  125  9:13  Phoenix (Chrono Boost)  
  125  9:17  Pylon  
  129  9:20  Anion Pulse-Crystals (Chrono Boost)  
  129  9:21  Pylon  
  129  9:22  Phoenix (Chrono Boost)  
  129  9:24  Zealot x4  
  138  9:34  Phoenix (Chrono Boost)  
  136  9:39  Phoenix (Chrono Boost), Pylon  
  136  9:41  Pylon  
  134  9:53  Phoenix (Chrono Boost)  
  134  9:55  Phoenix (Chrono Boost)  
  134  9:59  Probe  
  139  10:02  Phoenix (Chrono Boost)  
  141  10:15  Phoenix  
  141  10:16  Phoenix  
  141  10:18  Zealot x5  
  141  10:19  Zealot x2  
  157  10:26  Phoenix  
Show
View Real Time Build Order
Export as new Build Order

FireZerg Zerg 

Build Orders: Hatch First 

Get SALT Encoding   

  12  0:01  Drone  
  13  0:13  Overlord  
  13  0:18  Drone  
  14  0:31  Drone x2  
  14  0:35  Drone  
  17  0:52  Hatchery  
  17  0:56  Drone  
  17  0:59  Drone  
  18  1:05  Extractor  
  18  1:08  Drone  
  18  1:20  Spawning Pool  
  18  1:21  Drone  
  18  1:28  Drone  
  19  1:40  Overlord  
  19  2:06  Drone x3  
  19  2:07  Queen x2  
  26  2:09  Metabolic Boost  
  26  2:13  Drone  
  28  2:15  Drone  
  28  2:24  Zergling x2  
  29  2:44  Hatchery  
  29  2:47  Queen  
  29  2:49  Overlord  
  29  2:50  Drone  
  29  2:51  Drone  
  32  3:08  Drone x5  
  37  3:13  Drone  
  37  3:17  Drone x5  
  43  3:21  Drone  
  44  3:30  Overlord x2  
  44  3:42  Lair  
  44  3:47  Roach Warren  
  44  3:48  Zergling x8, Extractor  
  44  3:49  Extractor  
  44  4:00  Drone x7  
  51  4:06  Drone x2  
  53  4:12  Drone x3  
  56  4:20  Overlord  
  56  4:21  Overlord x2  
  56  4:25  Spore Crawler  
  56  4:27  Spore Crawler  
  56  4:29  Spore Crawler, Drone  
  56  4:30  Drone x2  
  56  4:34  Extractor  
  55  4:40  Evolution Chamber, Drone x4  
  55  4:41  Drone  
  55  4:42  Drone  
  60  4:58  Drone  
  60  4:59  Drone  
  62  5:00  Hydralisk Den, Drone x2  
  62  5:01  Drone x4  
  62  5:02  Extractor  
  62  5:03  Extractor  
  65  5:12  Zergling x16  
  73  5:17  Roach  
  73  5:18  Roach x2  
  73  5:20  Roach  
  81  5:29  Muscular Augments  
  81  5:31  Overlord x2  
  81  5:36  Overlord x2  
  81  5:42  Zerg Missile Weapons Level 1  
  81  5:54  Drone x8  
  81  5:55  Drone x3  
  92  6:06  Hatchery  
  92  6:09  Drone x4  
  90  6:20  Drone x9  
  92  6:31  Drone  
  92  6:32  Spire  
  92  6:41  Overlord x5  
  84  7:43  Mutalisk x5  
  84  7:44  Mutalisk x15  
  84  7:47  Zergling x12  
  130  7:51  Spine Crawler  
  130  7:52  Spine Crawler  
  130  7:53  Spine Crawler x3  
  130  7:54  Mutalisk x2, Spine Crawler  
  130  7:55  Spine Crawler  
  130  7:56  Spine Crawler  
  130  7:57  Spine Crawler  
  125  8:07  Zerg Flyer Weapons Level 1  
  125  8:12  Mutalisk  
  113  8:24  Drone x15  
  113  8:26  Drone x3  
  113  8:27  Drone  
  120  8:39  Queen  
  120  8:40  Queen  
  120  8:41  Drone x5  
  129  8:47  Mutalisk x3  
  135  9:02  Extractor  
  134  9:04  Extractor  
  134  9:05  Drone x2  
  134  9:09  Spine Crawler  
  134  9:10  Spine Crawler  
  134  9:11  Spine Crawler  
  134  9:12  Spine Crawler x2  
  134  9:13  Spine Crawler  
  134  9:14  Mutalisk  
  134  9:15  Mutalisk x6  
  141  9:27  Mutalisk  
  143  9:35  Infestation Pit  
  143  9:36  Drone x2  
  144  9:50  Overlord x5  
  144  9:51  Overlord x2  
  144  9:53  Hatchery  
  144  9:57  Overlord x7  
  144  9:59  Drone  
Tags
 
Add a new tag
Caveats
  • Supply blocks, unpowered buildings, or Contaminate may cause inaccurate times.
  • Supply counts are checked every 10 seconds.